 Dungeon Crawl Stone Soup version 0.31-a0-182-gc5ef74bbde (webtiles) character file.

Game seed: 5971167103138187493

604 Moral the Shooter (level 7, -4/48 HPs)
             Began as a Human Hunter on June 21, 2023.
             Slain by a gnoll sergeant
             ... wielding a +0 spear
              (5 damage)
             ... on level 5 of the Dungeon on June 22, 2023.
             The game lasted 00:09:06 (3927 turns).

Moral the Shooter (Human Hunter)                    Turns: 3927, Time: 00:09:07

Health: -4/48      AC:  5    Str: 11    XL:     7   Next: 70%
Magic:  7/7        EV: 14    Int:  9    God:
Gold:   307        SH:  0    Dex: 19    Spells: 6/6 levels left

rFire   + . .        a - +0 shortbow
rCold   + . .        (shield currently unavailable)
rNeg    . . .        c - +0 leather armour
rPois   .            (no helmet)
rElec   .            b - scarf {rC+ rF+}
rCorr   .            (no gloves)
SInv    .            (no boots)
Will    .....        (no amulet)
Stlth   +++          (no ring)
HPRegen 0.28/turn    (no ring)
MPRegen 0.10/turn

%: no passive effects
@: mighty
A: iridescent scales 1, frail 1
a: no special abilities


You were on level 5 of the Dungeon.
You visited 1 branch of the dungeon, and saw 5 of its levels.

You collected 307 gold pieces.

Inventory:

Hand Weapons
 a - a +0 shortbow (weapon)
 m - a +3 short sword
Missiles
 j - a throwing net
Armour
 b - a scarf of resistance (worn)
 c - a +0 leather armour (worn)
Jewellery
 i - a +5 ring of evasion
 s - a +6 ring of strength
Wands
 k - a wand of quicksilver (6)
Scrolls
 d - 2 scrolls of revelation
 h - 3 scrolls of identify {unknown}
 l - a scroll of fear
 n - 2 scrolls of enchant armour {unknown}
 p - a scroll of silence {unknown}
 q - a scroll of blinking {unknown}
Potions
 e - a potion of curing {unknown}
 f - a potion of attraction {unknown}
 o - 2 potions of haste {unknown}
 r - a potion of magic {unknown}


   Skills:
 + Level 4.2 Fighting
 + Level 5.5 Ranged Weapons
 + Level 4.3 Dodging
 + Level 4.2 Stealth


You had 6 spell levels left.
You didn't know any spells.
Your spell library contained the following spells:

 Spells                   Type           Power      Damage    Failure   Level
 Hailstorm                Conj/Ice       0%         3d3       85%         3
 Ice Form                 Ice/Tmut       0%         N/A       99%         4
 Simulacrum               Ice/Necr       0%         N/A       100%        6


Dungeon Overview and Level Annotations

Branches:
Dungeon (5/15)
 Temple: D:4-7

Altars:
Elyvilon
Sif Muna
Vehumet

Shops:
D:3 [

Annotations:
D:4 Dowan, Duvessa, Natasha


Innate Abilities, Weirdness & Mutations

You are partially covered in iridescent scales. (AC +2)
You are frail. (-10% HP)


Message History

The gnoll sergeant is moderately wounded.
The gnoll sergeant closely misses you.
Fire: a) +0 shortbow
Press: ? - help, Q - select action, (/) - cycle Shift-Dir - straight line, f/p - gnoll sergeant
Aim: a gnoll sergeant, wielding a +0 spear and wearing a +0 scale mail (moderately wounded, 72% to hit)
You shoot an arrow.
The arrow hits the gnoll sergeant but does no damage.
The gnoll sergeant is moderately wounded.
The gnoll sergeant hits you from afar with a +0 spear!
* * * LOW HITPOINT WARNING * * *
Fire: a) +0 shortbow
Press: ? - help, Q - select action, (/) - cycle Shift-Dir - straight line, f/p - gnoll sergeant
Aim: a gnoll sergeant, wielding a +0 spear and wearing a +0 scale mail (moderately wounded, 72% to hit)
You shoot an arrow.
The arrow hits the gnoll sergeant but does no damage.
The gnoll sergeant is moderately wounded.
The gnoll sergeant hits you from afar with a +0 spear.
* * * LOW HITPOINT WARNING * * *
The gnoll sergeant hits you from afar with a +0 spear.
* * * LOW HITPOINT WARNING * * *
Unknown command.
Fire: a) +0 shortbow
Press: ? - help, Q - select action, (/) - cycle Shift-Dir - straight line, f/p - gnoll sergeant
Aim: a gnoll sergeant, wielding a +0 spear and wearing a +0 scale mail (moderately wounded, 72% to hit)
You shoot an arrow. The arrow hits the gnoll sergeant.
The gnoll sergeant is moderately wounded.
The gnoll sergeant closely misses you.
Fire: a) +0 shortbow
Press: ? - help, Q - select action, (/) - cycle Shift-Dir - straight line, f/p - gnoll sergeant
Aim: a gnoll sergeant, wielding a +0 spear and wearing a +0 scale mail (moderately wounded, 72% to hit)
You shoot an arrow. The arrow hits the gnoll sergeant.
The gnoll sergeant is moderately wounded.
The gnoll sergeant hits you from afar with a +0 spear.
* * * LOW HITPOINT WARNING * * *
Unknown command.
Unknown command.
It was a potion of might.
You feel very mighty all of a sudden.
The gnoll sergeant hits you from afar with a +0 spear.
You die...

.# #.....#
#......†...#### .#
#.....# #.............#
## #.....#
#.....###.....## #######
#.....###.....#.
#......##.....#. ######
#......##.....#. #.....
#.......#.....#.
##.....########.####..+.
)....g)@..........#..##.
.)...)..#######.#.#.###.
........# #.#.#.###.
........# #.#.......
........# #.#.......
........# #..>......
........# #####.....
####+##.# #..... ######


You could see a gnoll sergeant.

Vanquished Creatures
  A water moccasin (D:5)
  A phantom (D:5)
  2 scorpions
  A jelly (D:5)
  Natasha (D:4)
  An orc wizard (D:3)
  Robin (D:2)
  7 gnolls
  5 adders
  An ufetubus (D:5)
  4 dart slugs
  10 orcs
  5 bats
  5 endoplasms
  2 giant cockroaches
  11 goblins
  10 hobgoblins
  2 jackals (D:3)
  9 kobolds
  6 quokkas
  8 ball pythons
  6 frilled lizards
  5 rats
104 creatures vanquished.

Notes
Turn   | Place    | Note
-------+----------+-------------------------------------------
     0 | D:1      | Moral the Human Hunter began the quest for the Orb.
     0 | D:1      | Reached XP level 1. HP: 16/16 MP: 1/1
   130 | D:1      | Reached XP level 2. HP: 22/22 MP: 2/2
   250 | D:1      | Reached XP level 3. HP: 28/28 MP: 3/3
   401 | D:1      | Found a faded altar of an unknown god.
   587 | D:2      | Found a shimmering blue altar of Sif Muna.
   839 | D:2      | Reached XP level 4. HP: 34/34 MP: 4/4
  1086 | D:2      | Noticed Robin
  1092 | D:2      | Killed Robin
  1689 | D:3      | Reached XP level 5. HP: 26/41 MP: 5/5
  1819 | D:3      | Found a white marble altar of Elyvilon.
  1870 | D:3      | Found a radiant altar of Vehumet.
  2149 | D:3      | Reached XP level 6. HP: 29/47 MP: 6/6
  2763 | D:3      | Found Liutat's Armour Boutique.
  2861 | D:4      | Noticed Natasha
  2866 | D:4      | Killed Natasha
  2996 | D:4      | Reached skill level 5 in Ranged Weapons
  2998 | D:4      | Noticed Dowan
  3006 | D:4      | Noticed Natasha
  3007 | D:4      | Noticed Duvessa
  3008 | D:4      | Gained mutation: You possess an exceptional clarity of
                  | mind. [potion of mutation]
  3008 | D:4      | Gained mutation: Your flesh is cold resistant. (rC+)
                  | [potion of mutation]
  3008 | D:4      | Gained mutation: You are clumsy. (Dex -2) [potion of
                  | mutation]
  3010 | D:4      | HP: 2/44 [poisoned by a scorpion]
  3020 | D:5      | Entered Level 5 of the Dungeon
  3370 | D:5      | Lost mutation: Your flesh is cold resistant. (rC+) [potion
                  | of mutation]
  3370 | D:5      | Lost mutation: You are clumsy. (Dex -2) [potion of
                  | mutation]
  3370 | D:5      | Lost mutation: You possess an exceptional clarity of mind.
                  | [potion of mutation]
  3370 | D:5      | Gained mutation: Your system is resistant to poisons.
                  | (rPois) [potion of mutation]
  3425 | D:5      | Reached XP level 7. HP: 50/53 MP: 7/7
  3431 | D:5      | Lost mutation: Your system is resistant to poisons. (rPois)
                  | [potion of mutation]
  3431 | D:5      | Gained mutation: You are frail. (-10% HP) [potion of
                  | mutation]
  3431 | D:5      | Gained mutation: You are partially covered in iridescent
                  | scales. (AC +2) [potion of mutation]
  3719 | D:5      | Noticed a water moccasin
  3733 | D:5      | Killed a water moccasin
  3924 | D:5      | HP: 2/48 [gnoll sergeant/+0 spear (6)]
  3927 | D:5      | Slain by a gnoll sergeant

Illustrated notes

Levels and vault maps discovered:
D:1:      lemuel_arrival_behind_the_door_large, layout_basic,
          basic_ecumenical_altar, minmay_misc_feat_diagonals, minmay_tripent
D:2:      layout_basic, basic_altar, kennysheep_doodads, uniq_robin
D:3:      layout_basic, mainiacjoe_overflow_six_doors_small, elyvilon_altar_5,
          serial_shops, nicolae_shop_window_shopping, minmay_increasing_density
D:4:      layout_loops_ring, nicolae_dithmenos_through_a_glass_darkly,
          serial_shops, nicolae_shop_peninsula, uniq_duvessa, uniq_edmund,
          uniq_natasha
D:5:      layout_basic, dilly_guarded_unrand_devastator

Skill      XL: |  1  2  3  4  5  6  7 |
---------------+----------------------+-----
Stealth        | 2 3 4 |  4.2
Fighting       | 3 4 |  4.2
Dodging        | 3 4 |  4.3
Ranged Weapons | 5 |  5.5

Action                     |  1- 3 |  4- 6 |  7- 9 || total
---------------------------+-------+-------+-------++-------
   Fire: Shortbow          |   101 |   180 |    59 ||   340
    Use: Scroll            |       |     5 |       ||     5
         Potion            |       |     3 |     2 ||     5
 Armour: Leather armour    |    12 |    33 |     6 ||    51
  Dodge: Dodged            |    27 |    99 |    24 ||   150

Table legend: (Time is in decaauts)
 A = Elapsed time spent in this place.
 B = Non-inter-level travel time spent in this place.
 C = Inter-level travel time spent in this place.
 D = Time resting spent in this place.
 E = Time spent auto-exploring this place.
 F = Levels seen in this place.
 G = Mean time per level.
                   A        B        C        D        E       F      G
               +--------+--------+--------+--------+--------+-----+--------+
         Total |   3998 |   3925 |     73 |    808 |   2413 |   5 |  799.6 |
       Dungeon |   3998 |   3925 |     73 |    808 |   2413 |   5 |  799.6 |
               +--------+--------+--------+--------+--------+-----+--------+

Top non-repeatable levels by time:
     D:3: 1248 daAuts
     D:2: 1007 daAuts
     D:5: 920 daAuts
     D:1: 603 daAuts
     D:4: 220 daAuts
